 Dungeon Crawl Stone Soup version 0.32-a0-306-gfed3edf829 (webtiles) character file.

Game seed: 8929680647263434368

172 IdlyInterested the Changeling (level 5, 0/33 HPs)
             Began as an Octopode Shapeshifter on Feb 14, 2024.
             Slain by an adder (2 damage)
             ... on level 3 of the Dungeon.
             The game lasted 00:06:04 (1899 turns).

IdlyInterested the Changeling (OpSh)                Turns: 1899, Time: 00:06:05

Health: 0/33       AC:  1    Str: 16    XL:     5   Next: 53%
Magic:  5/5        EV: 13    Int: 12    God:
Gold:   116        SH:  0    Dex: 11    Spells: 4/4 levels left

rFire   + .          .
                       - Unarmed
rCold   + . .        (no shield)
rNeg    . . .        (helmet currently unavailable)
rPois   +            (no amulet)
rElec   .            h - ring of protection from fire
rCorr   .            k - ring of willpower
SInv    .            l - ring of ice
Will    +....        j - ring of protection from fire
Stlth   ++           r - ring of poison resistance
HPRegen 0.25/turn    u - ring of flight
MPRegen 0.09/turn    q - ring of wizardry
                     (no ring)

%: wizardry (x1)
@: beast-form, flying
A: beast (slay +2), almost no armour, amphibious, 8 rings, camouflage 1,
gelatinous body 1, (nimble swimmer 1), tentacles
a: Begin Untransformation


You were on level 3 of the Dungeon.
You were a hulking beast.
You visited 1 branch of the dungeon, and saw 3 of its levels.

You collected 116 gold pieces.

Inventory:

Hand Weapons
 d - a +0 dagger
 g - a +0 short sword
 n - the +4 dagger of Purpose {heavy, Str+3 Int+2}
   (You found it on level 3 of the Dungeon)

   Str+3:     It affects your strength (+3).
   Int+2:     It affects your intelligence (+2).
 t - a +0 falchion
Missiles
 f - 30 stones (quivered)
 i - 5 boomerangs
Magical Staves
 s - a staff of alchemy
Jewellery
 h - a ring of protection from fire (left tentacle)
 j - a ring of protection from fire (on tentacle)
 k - a ring of willpower (right tentacle)
 l - a ring of ice (on tentacle)
 q - a ring of wizardry (on tentacle)
 r - a ring of poison resistance (on tentacle)
 u - a ring of flight (on tentacle)
Talismans
 b - a beast talisman (active)
 c - a flux talisman
Scrolls
 m - a scroll of enchant armour
 p - a scroll of amnesia
 v - a scroll of immolation {unknown}
Potions
 a - a potion of lignification
 e - a potion of might
 o - a potion of magic {unknown}


   Skills:
 - Level 1.0 Fighting
 - Level 2.0 Dodging
 + Level 4.2 Unarmed Combat
 * Level 4.9 Shapeshifting


You had 4 spell levels left.
You didn't know any spells.
Your spell library contained the following spells:

 Spells                   Type           Power      Damage    Failure   Level
 Tukima's Dance           Hex            0%         N/A       36%         3
 Dimensional Bullseye     Hex/Tloc       0%         N/A       75%         4
 Iskenderun's Mystic Bla  Conj/Tloc      0%         2d3       75%         4


Dungeon Overview and Level Annotations

Branches:
Dungeon (3/15)

Altars:
Cheibriados
Vehumet


Innate Abilities, Weirdness & Mutations

You are a hulking beast.
Your limbs bulge with bestial killing power. (Slay +2)
You cannot wear most types of armour.
You are amphibious.
You can wear up to eight rings at the same time.
Your skin changes colour to match your surroundings (Stealth+).
Your rubbery body absorbs attacks. (AC +1, EV +1)
((You are camouflaged when in or above water. (Stealth+)))
You have tentacles for arms and can constrict up to eight enemies at once.


Message History

A mysterious force pulls you upwards. The hatch slams shut behind you.
There is an open door here.
There is a stone staircase leading down here.
You fly downwards.
Found a leather armour.
There is a stone staircase leading up here.
A dart slug comes into view.
Found a robe.
The orc priest shouts!
The orc shouts!
You hear an angry hiss.
An adder comes into view.
The orc priest mumbles some strange prayers to Beogh against you.
Beogh smites you!
You hear a shout!
The orc shouts!
The orc priest shouts, "Beogh offers mercy even to people such as you.
Join us and be reborn!" (press Y on the ability menu to convert to Beogh)
There are monsters nearby!
Okay, then.
You bow before the missionary of Beogh.
Found 15 gold pieces.
You hear a bark!
An orc comes into view. It is wielding a +0 club.
The orc hits you with a +0 club.
You closely miss the orc. Your grab misses the orc.
You bludgeon the orc priest! Your grab misses the orc priest.
The orc priest is heavily wounded.
The orc hits you with a +0 club.
The orc priest mumbles some strange prayers to Beogh against you.
Beogh smites you!
* * * LOW HITPOINT WARNING * * *
You tentacle-slap the orc priest. You grab the orc priest.
The orc priest shouts, "The Pantheon deserves no one's loyalty.
Let us show you the true path!"
You squeeze the orc priest.
You kill the orc priest!
The adder completely misses you. The orc misses you.
The adder barely misses you.
You closely miss the orc. Your grab misses the orc. The orc barely misses you.
The orc hits you with a +1 hand axe of flaming.
* * * LOW HITPOINT WARNING * * *
The adder bites you.
You die...

....... #......
#.........
#.....$..S...
.......... #......
....##[#........
#......
................
##.....
.............^..
#...#wo
#.....####......
#..oS##..#...##.....#†
#oh#...............
##o.<........###.)<
#.#...#.... #....
#........# ........
.....#...........##.
#..............### #.
.[[......###..........
#.......... ...#..####
..###.#.... ...##.# #


You could see an adder, a dart slug and 4 orcs.

Vanquished Creatures
  An orc priest (D:3)
  An orc wizard (D:3)
  2 adders (D:2)
  3 dart slugs (D:1)
  2 orcs (D:3)
  5 ball pythons
  7 endoplasms
  2 giant cockroaches (D:3)
  4 goblins
  5 hobgoblins
  2 quokkas (D:1)
  4 bats (D:2)
  4 frilled lizards
  8 kobolds
  5 rats
55 creatures vanquished.

Notes
Turn   | Place    | Note
-------+----------+-------------------------------------------
     0 | D:1      | IdlyInterested the Octopode Shapeshifter began the quest
                  | for the Orb.
     0 | D:1      | Reached XP level 1. HP: 13/13 MP: 1/1
   175 | D:1      | Reached XP level 2. HP: 10/18 MP: 2/2
   326 | D:1      | Reached XP level 3. HP: 15/23 MP: 3/3
  1201 | D:2      | Reached XP level 4. HP: 28/28 MP: 4/4
  1232 | D:2      | Found a radiant altar of Vehumet.
  1707 | D:3      | Identified the +4 dagger of Purpose {heavy, Str+3 Int+2}
  1741 | D:3      | Found a snail-covered altar of Cheibriados.
  1778 | D:3      | Reached XP level 5. HP: 33/33 MP: 5/5
  1899 | D:3      | Slain by an adder

Illustrated notes

Levels and vault maps discovered:
D:1:      minmay_arrival_doors, layout_basic
D:2:      layout_basic, basic_altar
D:3:      layout_rooms, nicolae_overflow_hidden_temple,
          mainiacjoe_overflow_24_doors, mainiacjoe_overflow_six_doors_small,
          chequers_serial_rivers_micro_c

Skill      XL: |  1  2  3  4 |
---------------+-------------+-----
Shapeshifting  | 4 |  4.9
Unarmed Combat | 4 |  4.2
Fighting       | |  1.0
Dodging        | |  2.0

Action                     |  1- 3 |  4- 6 || total
---------------------------+-------+-------++-------
  Melee: Unarmed           |    45 |    42 ||    87
         Constrict         |    14 |     9 ||    23
         Tentacles         |     7 |     7 ||    14
         Punch             |     1 |     1 ||     2
    Use: Scroll            |     2 |     1 ||     3
         Potion            |     1 |       ||     1
   Stab: Sleeping          |     5 |     4 ||     9
         Distracted        |     1 |       ||     1
 Armour: Skin              |    18 |    14 ||    32
  Dodge: Dodged            |    22 |    25 ||    47

Table legend: (Time is in decaauts)
 A = Elapsed time spent in this place.
 B = Non-inter-level travel time spent in this place.
 C = Inter-level travel time spent in this place.
 D = Time resting spent in this place.
 E = Time spent auto-exploring this place.
 F = Levels seen in this place.
 G = Mean time per level.
                   A        B        C        D        E       F      G
               +--------+--------+--------+--------+--------+-----+--------+
         Total |   1889 |   1753 |    136 |     81 |   1223 |   3 |  629.7 |
       Dungeon |   1889 |   1753 |    136 |     81 |   1223 |   3 |  629.7 |
               +--------+--------+--------+--------+--------+-----+--------+

Top non-repeatable levels by time:
     D:1: 1145 daAuts
     D:2: 633 daAuts
     D:3: 110 daAuts
